 Dungeon Crawl Stone Soup version 0.28-a0-909-g796cbd3a86 (webtiles) character file.

Game seed: 6536475496322338954

29 BinkBink the Skirmisher (level 3, -6/36 HPs)
             Began as a Naga Fighter on Nov 24, 2021.
             Mangled by Sigmund (9 damage)
             ... on level 2 of the Dungeon.
             The game lasted 00:02:06 (1319 turns).

BinkBink the Skirmisher (Naga Fighter)              Turns: 1319, Time: 00:02:06

Health: -6/36      AC:  5    Str: 19    XL:     3   Next: 16%
Magic:  3/3        EV:  7    Int:  8    God:
Gold:   49         SH:  0    Dex: 10    Spells: 2/2 levels left

rFire   . . .      SeeInvis +   a - +0 trident
rCold   . . .      Faith    .   (no shield)
rNeg    . . .      Spirit   .   b - +1 scale mail
rPois   +          Reflect  .   (no helmet)
rElec   .          Harm     .   (no cloak)
rCorr   .          Rampage  .   (no gloves)
Will    .....                   (no barding)
Stlth   ..........              (no amulet)
HPRegen 0.12/turn               (no ring)
MPRegen 0.08/turn               (no ring)

@: on berserk cooldown, attractive, hasted and slowed, invisible, very slow
A: AC +1, large, see invisible, deformed body, poison resistance, slowness 2,
spit poison 1, naga tail 1
a: Spit Poison


You were on level 2 of the Dungeon.
You visited 1 branch of the dungeon, and saw 2 of its levels.

You collected 49 gold pieces.

Inventory:

Hand Weapons
 a - a +0 trident (weapon)
Armour
 b - a +1 scale mail (worn)
 c - a +0 buckler
 f - a +0 pair of gloves
Scrolls
 e - 2 scrolls of teleportation {unknown}
 i - a scroll of amnesia {unknown}
 j - 2 scrolls of identify {unknown}
Potions
 d - a potion of might


   Skills:
 + Level 3.8 Fighting
 + Level 2.4 Polearms
 - Level 2.4 Armour
 + Level 0.1 Dodging
 + Level 0.2 Stealth
 - Level 2.4 Shields


You had 2 spell levels left.
You didn't know any spells.
Your spell library was empty.

Dungeon Overview and Level Annotations

Branches:
Dungeon (2/15)

Altars:

Annotations:
D:2 Sigmund


Innate Abilities, Weirdness & Mutations

Your serpentine skin is tough. (AC +1)
You have supernaturally acute eyesight. (SInv)
Armour fits poorly on your strangely shaped body.
Your system is resistant to poisons. (rPois)
You cover ground very slowly.
You can spit poison.
You have a snake-like lower body.


Message History

You now have 49 gold pieces (gained 7).
Sigmund the Dreaded comes into view.
He is wielding a +0 scythe.
Sigmund points at you and mumbles some strange words.
The magic dart hits you!
You reach to attack!
You closely miss Sigmund.
Sigmund hits you from afar with a +0 scythe!
You reach to attack!
You hit Sigmund.
Sigmund is lightly wounded.
Sigmund hits you from afar with a +0 scythe!
It was a potion of magic.
Magic courses through your body. Sigmund hits you but does no damage.
It was a potion of invisibility.
You fade into invisibility!
It was a potion of haste.
You feel yourself speed up.
Sigmund hits you from afar with a +0 scythe!
* * * LOW HITPOINT WARNING * * *
It was a potion of berserk rage.
A red film seems to cover your vision as you go berserk!
You feel yourself moving faster!
You feel mighty!
You are too injured to fight recklessly!
You are too injured to fight recklessly!
You feel a strong urge to attack something.
You feel your anger nearly subside.
Sigmund says, "Don't worry, I'll kill you fast."
You are no longer berserk.
You are exhausted.
You feel yourself slow down.
Sigmund laughs darkly.
Sigmund barely misses you.
Sigmund laughs darkly.
Sigmund points at something and mumbles some strange words.
The puff of flame misses you.
It was a potion of attraction.
You feel attractive to monsters. Sigmund is attracted toward you.
As you read the scroll labelled UMOITY NOKOAXT, it crumbles to dust.
It is a scroll of enchant armour.
Your +0 scale mail glows green for a moment.
Sigmund hits you with a +0 scythe!
You die...

#######
##########ยง....#
#......@@..###.#
#.########## #.#
#####.# #.#####
#.....## #.....#
#.####.## #####.#
#.###.#.## .#
#....###.# #.#
#####.#.## ###
#.# ###.## ...
...


You could see Sigmund.

Vanquished Creatures
  A dart slug (D:1)
  4 ball pythons (D:1)
  3 bats
  2 endoplasms (D:1)
  2 giant cockroaches
  A hobgoblin (D:1)
  4 jackals (D:1)
  A quokka (D:1)
  A frilled lizard (D:1)
  2 kobolds (D:1)
  4 rats (D:1)
25 creatures vanquished.

Notes
Turn   | Place    | Note
-------+----------+-------------------------------------------
     0 | D:1      | BinkBink the Naga Fighter began the quest for the Orb.
     0 | D:1      | Reached XP level 1. HP: 21/21 MP: 1/1
   425 | D:1      | Reached XP level 2. HP: 28/28 MP: 2/2
   824 | D:1      | Found a faded altar of an unknown god.
   849 | D:1      | Reached XP level 3. HP: 36/36 MP: 3/3
  1299 | D:2      | Noticed Sigmund
  1304 | D:2      | HP: 1/36 [Sigmund (10)]
  1319 | D:2      | Mangled by Sigmund

Illustrated notes

Levels and vault maps discovered:
D:1:      dpeg_arrival_solitude, layout_basic, shapermc_ecumenical_altar_petra,
          wad_floor_pattern_1, minmay_strange_pillars
D:2:      layout_loops_ring, uniq_sigmund

Action                   || total
-------------------------++-------
Melee: Trident           ||    73
  Use: Potion            ||     5
       Scroll            ||     1
Armor: Scale mail        ||    32
Dodge: Dodged            ||    33

Table legend: (Time is in decaauts)
 A = Elapsed time spent in this place.
 B = Non-inter-level travel time spent in this place.
 C = Inter-level travel time spent in this place.
 D = Time resting spent in this place.
 E = Time spent auto-exploring this place.
 F = Levels seen in this place.
 G = Mean time per level.
                   A        B        C        D        E       F      G
               +--------+--------+--------+--------+--------+-----+--------+
         Total |   1660 |   1652 |      8 |      0 |   1442 |   2 |  830.0 |
       Dungeon |   1660 |   1652 |      8 |      0 |   1442 |   2 |  830.0 |
               +--------+--------+--------+--------+--------+-----+--------+

Top non-repeatable levels by time:
     D:1: 1439 daAuts
     D:2: 221 daAuts
